 Dungeon Crawl Stone Soup version 0.21.1-1-g345015fe64 (webtiles) character file.

61 Naru the Digger (level 3, -1/32 HPs)
             Began as a Troll Earth Elementalist on June 12, 2018.
             Slain by Sigmund
             ... wielding a +2 scythe of protection
              (11 damage)
             ... on level 2 of the Dungeon.
             The game lasted 00:04:04 (1229 turns).

Naru the Digger (Troll Earth Elementalist)          Turns: 1229, Time: 00:04:05

Health: -1/32      AC:  5    Str: 16    XL:     3   Next: 83%
Magic:  4/4        EV: 10    Int: 12    God:
Gold:   78         SH:  0    Dex: 10    Spells: 1/5 levels left

rFire    . . .     SeeInvis .     - Unarmed
rCold    . . .     Gourm    +   (no shield)
rNeg     . . .     Faith    .   c - +0 robe
rPois    .         Spirit   .   (helmet restricted)
rElec    .         Reflect  .   (no cloak)
rCorr    .         Harm     .   (gloves unavailable)
MR       .....                  (boots unavailable)
Stlth    +.........             (no amulet)
HPRegen  0.50/turn              (no ring)
MPRegen  0.09/turn              (no ring)

@: no status effects
A: large, unfitting armour, claws 3, fast metabolism 3, gourmand, regeneration
1, shaggy fur 1, tough skin 2
a: no special abilities


You were on level 2 of the Dungeon.
You were not hungry.

You visited 1 branch of the dungeon, and saw 2 of its levels.

You collected 78 gold pieces.

Inventory:

Hand Weapons
 g - a +0 spear
Missiles
 b - 134 stones (quivered)
 p - 26 bolts
Armour
 c - a +0 robe (worn)
Jewellery
 n - an uncursed ring of see invisible {unknown}
 q - an uncursed ring of protection from cold {unknown}
Scrolls
 h - a scroll of amnesia {unknown}
 i - 5 scrolls of identify {unknown}
 k - 2 scrolls of remove curse {unknown}
 m - a scroll of fear {unknown}
 o - a scroll of noise {unknown}
 r - a scroll of teleportation {unknown}
Potions
 a - a potion of might {unknown}
 f - 2 potions of curing {unknown}
 j - a potion of agility {unknown}
 l - 2 potions of heal wounds {unknown}
Books
 e - a book of Geomancy

   Spells                             Type                      Level
   a - Sandblast                      Earth                        1
   b - Passwall                       Transmutation/Earth          2
   c - Stone Arrow                    Conjuration/Earth            3
   d - Petrify                        Transmutation/Earth          4
   e - Lee's Rapid Deconstruction     Earth                        5
Comestibles
 d - 4 rations


   Skills:
 * Level 0.8 Fighting
 - Level 1.5 Dodging
 - Level 1.0 Stealth
 + Level 1.0 Unarmed Combat
 * Level 1.5 Spellcasting
   Level 0.6 Transmutations
 * Level 3.7 Earth Magic


You had one spell level left.
You knew the following spells:

 Your Spells              Type           Power        Failure   Level  Hunger
a - Sandblast             Erth           #.....       6%          1    ##.....
b - Stone Arrow           Conj/Erth      #.....       36%         3    ####...


Dungeon Overview and Level Annotations

Branches:
Dungeon (2/15)

Altars:

Annotations:
D:2 Sigmund


Innate Abilities, Weirdness & Mutations

You are too large for most types of armour.
You have claws for hands.
Your metabolism is lightning-fast.
You like to eat raw meat.
Your natural rate of healing is unusually fast.
You are covered in fur. (AC +1)
You have very tough skin. (AC +2)


Message History

You are more confused.
You bump into the rock wall.
You are more confused.
You're too confused to move!
You bump into the rock wall.
You bump into the rock wall.
Something hits you but does no damage.
You bump into the rock wall.
Something hits you.
You bump into the rock wall.
Something hits you but does no damage. Something hits you!
You bump into the rock wall.
You bump into the rock wall.
Something hits you.
You're too confused to move!
Something hits you.
You're too confused to move!
You bump into the rock wall.
You feel less confused. Something hits you.
* * * LOW HITPOINT WARNING * * *
Something hits you!
You die...

....................#####..#
.###.#..>.................##
####.#..............#####.#
#....#....................##
#.####.........####.#####..##
#.####.........## #.........##
..##............###.#####....##
........##.......##...........#
.......###.#....@.#.#####.....#
#.....####.#...#..............#
................#.##.....)....#
....####........#)###.........#
.#### #..........###.........#
## #####.#.........##.........#
#.....##.##.....##.........#
####.######.###....##.........#
.##..######...#....#..........#


There were no monsters in sight!

Vanquished Creatures
  An adder (D:2)
  A worm (D:2)
  A dart slug (D:2)
  5 leopard geckos
  4 giant cockroaches
  3 hobgoblins (D:1)
  A quokka (D:2)
  3 bats
  A frilled lizard (D:2)
  7 goblins
  6 kobolds
  A leopard gecko skeleton (D:2)
  7 rats
41 creatures vanquished.

Vanquished Creatures (others)
  A frilled lizard (D:2)
1 creature vanquished.

Grand Total: 42 creatures vanquished

Notes
Turn   | Place    | Note
-------+----------+-------------------------------------------
     0 | D:1      | Naru the Troll Earth Elementalist began the quest for the Orb.
     0 | D:1      | Reached XP level 1. HP: 16/16 MP: 1/1
    59 | D:1      | Reached skill level 3 in Earth Magic
   152 | D:1      | Reached XP level 2. HP: 26/26 MP: 2/2
   775 | D:2      | Reached XP level 3. HP: 31/32 MP: 2/4
   888 | D:2      | Learned a level 3 spell: Stone Arrow
  1111 | D:2      | Reached skill level 1 in Unarmed Combat
  1148 | D:2      | Noticed Sigmund
  1229 | D:2      | Slain by Sigmund

Skill      XL: |  1  2  3 |
---------------+----------+-----
Earth Magic    | 3 |  3.7
Unarmed Combat | 1 |  1.0
Fighting       | |  0.8
Dodging        | |  1.5
Stealth        | |  1.0
Spellcasting   | |  1.5
Transmutations | |  0.6

Action                   || total
-------------------------++-------
Melee: Unarmed           ||   122
 Cast: Sandblast         ||    10
       Stone Arrow       ||     3
  Eat: Chunk             ||    13
Armor: Robe              ||    41
Dodge: Dodged            ||    55
